 Dungeon Crawl Stone Soup version 0.30.1-11-g7821555f0a (webtiles) character file.

Game seed: 17693528106363933158

459 KittyFluff the Cudgeller (level 7, 0/44 HPs)
             Began as a Gargoyle Berserker on Nov 7, 2023.
             Was a Priest of Trog.
             Slain by a gnoll sergeant
             ... wielding a +0 spear
              (1 damage)
             ... on level 6 of the Dungeon.
             The game lasted 00:12:33 (2805 turns).

KittyFluff the Cudgeller (Gargoyle Berserker)       Turns: 2805, Time: 00:12:33

Health: 0/44       AC:  9    Str: 23    XL:     7   Next: 6%
Magic:  7/7        EV: 12    Int:  7    God:    Trog [***...]
Gold:   148        SH:  0    Dex:  9    Spells: 6/6 levels left

rFire   . . .        a - +0 mace
rCold   . . .        (no shield)
rNeg    + . .        k - +0 leather armour
rPois   ∞            (no helmet)
rElec   +            (no cloak)
rCorr   .            o - +0 pair of gloves
SInv    .            (no boots)
Will    .....        (no amulet)
Stlth   +            (no ring)
HPRegen 0.27/turn    (no ring)
MPRegen 0.10/turn

%: no passive effects
@: on berserk cooldown, slowed, very slow
A: sickness immunity, AC +4, negative energy resistance 1, electricity
resistance, torment resistance 1, petrification resistance
a: Renounce Religion, Berserk, Trog's Hand


You were on level 6 of the Dungeon.
You worshipped Trog.
Trog was most pleased with you.
You visited 1 branch of the dungeon, and saw 6 of its levels.

You collected 148 gold pieces.

Inventory:

Hand Weapons
 a - a +0 mace (weapon)
 d - a +0 sling
Armour
 k - a +0 leather armour (worn)
 o - a +0 pair of gloves (worn)
Jewellery
 h - a ring of fire
Scrolls
 b - a scroll of enchant weapon {unknown}
 f - 3 scrolls of teleportation {unknown}
 g - a scroll of fog
 i - a scroll of torment
 j - a scroll of immolation
 l - a scroll of silence
 m - a scroll of fear
 n - a scroll of magic mapping
Potions
 c - 3 potions of curing
 e - a potion of brilliance {unknown}


   Skills:
 + Level 4.5 Fighting
 * Level 5.0 Maces & Flails
 * Level 5.0 Armour
 + Level 2.8 Dodging


You had 6 spell levels left.
You didn't know any spells.
Your spell library was empty.

Dungeon Overview and Level Annotations

Branches:
Dungeon (7/15)
 Temple: D:4-7

Altars:
Wu Jian

Shops:
D:1 *[!

Annotations:
D:1 1 transporter


Innate Abilities, Weirdness & Mutations

You are immune to sickness and miasma.
Your stone body is resilient. (AC +4)
You are immune to poison.
You resist negative energy. (rN+)
You are resistant to electric shocks. (rElec)
You are resistant to unholy torment.
You are immune to petrification.


Message History

The gnoll is severely wounded.
The white imp gestures at you. The puff of frost misses you.
The puff of frost hits the gnoll sergeant!
The gnoll closely misses you. The gnoll barely misses you.
The gnoll sergeant hits you but does no damage.
You sock the gnoll!
You kill the gnoll!
Trog accepts your kill.
The white imp hits you but does no damage.
The gnoll barely misses you.
The gnoll sergeant hits you from afar with a +0 spear.
* * * LOW HITPOINT WARNING * * *
Your Armour skill increases to level 5!
You hit the white imp. Your punch misses the white imp.
The white imp is heavily wounded.
The white imp gestures at you. The puff of frost hits you.
* * * LOW HITPOINT WARNING * * *
The gnoll closely misses you.
The gnoll sergeant hits you but does no damage.
You sock the white imp!
You kill the white imp!
Trog accepts your kill.
You are no longer berserk.
You are exhausted.
You feel yourself slow down. The gnoll sergeant barely misses you.
The gnoll hits you but does no damage.
You see here a +0 flail.
You hit the gnoll.
The gnoll is moderately wounded.
The gnoll hits you but does no damage. The gnoll sergeant closely misses you.
The gnoll hits you with a +0 halberd.
* * * LOW HITPOINT WARNING * * *
The gnoll sergeant hits you but does no damage.
You hit the gnoll.
The gnoll is heavily wounded.
The gnoll closely misses you.
The gnoll sergeant hits you with a +0 spear.
You die...

#..........#.# #
[.......##...#.####.
##..########.#......
##. #.......# #.
#.#...#.#
..###+#.###.# #
#.....(.....# ...
#.......)#####...##
#......g@)........#
#......g########..#
#......<# #........
#......$g #.........
#........g
#..........


You could see a gnoll sergeant and a gnoll.

Vanquished Creatures
  An ogre (D:6)
  An orc priest (D:3)
  5 iguanas
  Jessica (D:3)
  7 gnolls
  3 adders
  A white imp (D:6)
  An ufetubus (D:6)
  A worm (D:2)
  4 orcs (D:3)
  13 ball pythons
  5 endoplasms
  5 giant cockroaches
  9 goblins
  4 hobgoblins
  4 jackals (D:1)
  8 kobolds
  A quokka (D:3)
  5 bats
  2 frilled lizards (D:1)
  4 rats
  A spectral hobgoblin (D:3)
86 creatures vanquished.

Notes
Turn   | Place    | Note
-------+----------+-------------------------------------------
     0 | D:1      | KittyFluff the Gargoyle Berserker began the quest for the
                  | Orb.
     0 | D:1      | Reached XP level 1. HP: 14/14 MP: 1/1
   142 | D:1      | Reached XP level 2. HP: 19/19 MP: 2/2
   239 | D:1      | Found Mudiqet's Distillery.
   391 | D:1      | Found Goas's Assorted Antiques.
   417 | D:1      | Reached XP level 3. HP: 19/23 MP: 3/3
   499 | D:1      | Found Akhodasu's Antique Armour Boutique.
   557 | D:1      | Reached ** piety under Trog
   868 | D:2      | Reached XP level 4. HP: 16/29 MP: 4/4
  1180 | D:3      | Found a faded altar of an unknown god.
  1391 | D:3      | Reached XP level 5. HP: 16/33 MP: 5/5
  1725 | D:3      | Noticed Jessica
  1739 | D:3      | Killed Jessica
  1822 | D:3      | Reached *** piety under Trog
  2113 | D:4      | Reached XP level 6. HP: 28/38 MP: 6/6
  2156 | D:4      | Found an ornate altar of the Wu Jian Council.
  2320 | D:4      | You fall into a shaft and drop 3 floors!
  2364 | D:7      | HP: 2/57 [iguana (11)]
  2795 | D:6      | Reached skill level 5 in Maces & Flails
  2795 | D:6      | Reached XP level 7. HP: 44/44 MP: 7/7
  2801 | D:6      | Reached skill level 5 in Armour
  2804 | D:6      | HP: 1/44 [gnoll/+0 halberd[a gnoll sergeant] (5)]
  2805 | D:6      | Slain by a gnoll sergeant

Illustrated notes

Levels and vault maps discovered:
D:1:      spicycebolla_arrival_risky_transporter, layout_basic, serial_shops,
          nicolae_shop_hallway_stairs, nicolae_shop_tiny_statue_garden, shop,
          chequers_serial_rivers_micro_e, hex_medium
D:2:      layout_rooms, hangedman_glass_teeth
D:3:      layout_loops_ring, dreamdust_ecumenical_altar_drowned_temple,
          uniq_jessica
D:4:      layout_loops_cross, lemuel_round_altar, mainiacjoe_overflow_catwalk,
          uniq_sigmund
D:6:      layout_basic, kennysheep_little_box, uniq_prince_ribbit1
D:7:      layout_gridville

Skill      XL: |  1  2  3  4  5  6  7 |
---------------+----------------------+-----
Armour         | 3 4 5 |  5.0
Dodging        | 2 |  2.8
Maces & Flails | 4 5 |  5.0
Fighting       | 4 |  4.5

Action                     |  1- 3 |  4- 6 |  7- 9 || total
---------------------------+-------+-------+-------++-------
  Melee: Mace              |   117 |   181 |     9 ||   307
         Punch             |     2 |     2 |       ||     4
 Invoke: Berserk           |       |     4 |       ||     4
    Use: Scroll            |       |     8 |       ||     8
         Potion            |       |     1 |       ||     1
 Armour: Animal skin       |    44 |       |       ||    44
         Leather armour    |     7 |    54 |     8 ||    69
  Dodge: Dodged            |    91 |   109 |    13 ||   213
